 Dungeon Crawl Stone Soup version 0.30-a0-339-g89bb51ec76 (webtiles) character file.

Game seed: 16458726572571716930

112 p00ps00p the Trooper (level 4, -1/44 HPs)
             Began as a Hill Orc Fighter on Nov 1, 2022.
             Killed from afar by an orc wizard (5 damage)
             ... with a magic dart
             ... on level 3 of the Dungeon.
             The game lasted 00:05:17 (1836 turns).

p00ps00p the Trooper (Hill Orc Fighter)             Turns: 1836, Time: 00:05:17

Health: -1/44      AC:  8    Str: 18    XL:     4   Next: 95%
Magic:  4/4        EV:  9    Int:  8    God:
Gold:   125        SH:  4    Dex: 12    Spells: 3/3 levels left

rFire   . . .      SeeInvis .    a - +0 war axe
rCold   . . .      Faith    .    c - +0 buckler
rNeg    . . .      Spirit   .    b - +0 scale mail
rPois   .          Reflect  .    e - +0 helmet
rElec   .          Harm     .    (no cloak)
rCorr   .          Rampage  .    (no gloves)
Will    .....                    (no boots)
Stlth   ..........               (no amulet)
HPRegen 0.27/turn                (no ring)
MPRegen 0.09/turn                (no ring)

@: no status effects
A: no striking features
a: no special abilities


You were on level 3 of the Dungeon.
You visited 1 branch of the dungeon, and saw 3 of its levels.

You collected 125 gold pieces.

Inventory:

Hand Weapons
 a - a +0 war axe (weapon)
Armour
 b - a +0 scale mail (worn)
 c - a +0 buckler (worn)
 d - a +0 cloak
 e - a +0 helmet (worn)
 h - a scarf of repulsion
Jewellery
 g - a ring of ice
Scrolls
 i - 2 scrolls of fear
Potions
 f - 4 potions of curing
 j - a potion of invisibility
 m - a potion of brilliance {unknown}
 o - a potion of lignification {unknown}
 p - a potion of heal wounds {unknown}
 r - 2 potions of haste


   Skills:
 + Level 6.3 Fighting
 - Level 2.9 Axes
 - Level 3.4 Armour
 - Level 3.4 Shields


You had 3 spell levels left.
You didn't know any spells.
Your spell library contained the following spells:

 Spells                   Type           Power      Damage    Failure   Level
 Summon Guardian Golem    Hex/Summ       0%         N/A       99%         3
 Orb of Destruction       Conj           0%         9d5       100%        7
 Spellforged Servitor     Conj/Summ      0%         N/A       100%        7


Dungeon Overview and Level Annotations

Branches:
Dungeon (3/15)

Altars:
Cheibriados


Message History

The orc wizard gestures wildly while chanting.
The orc wizard flickers and vanishes!
Deactivating autopickup; reactivate with Ctrl-A.
You hear some strange, mumbled words.
Something tries to affect you, but you resist.
The orc hits you but does no damage.
You barely miss the orc. You slash something! You block the orc's attack.
You hear some strange, mumbled words.
A magic dart appears from out of thin air!
The magic dart hits you.
You slash the orc!
You kill the orc!
You miss something. You barely miss the orc.
You hear some strange, mumbled words.
Something tries to affect you, but you resist.
The orc closely misses you. Something hits you.
The orc hits you with a +0 club.
Things that are here:
a +0 club; an orc corpse You slash the orc!
You kill the orc!
You miss something. Something hits you but does no damage.
You are electrocuted!
* * * LOW HITPOINT WARNING * * *
Something hits you but does no damage. Something hits you but does no damage.
You see here a +0 club.
You hear some strange, mumbled words.
A magic dart appears from out of thin air!
Keep equipping yourself?
The magic dart hits you.
* * * LOW HITPOINT WARNING * * *
You start putting on your armour.
You continue putting on your scarf of repulsion.
Something hits you but does no damage.
You continue putting on your scarf of repulsion.
You hear some strange, mumbled words.
A magic dart appears from out of thin air!
The magic dart hits you.
You die...

.......#..#
............. ### .
.........###....# ..
.........### ##.# ##.#
.......#...####.##...
.......##..........
.......###.....#.#
.......##........#
##..##.........{@#
.................#
##..##..............♣
..................##♣
.#..(.#.............
................#....
##.#..................
#.................(..
#.................


There were no monsters in sight!

Vanquished Creatures
  Crazy Yiuf (D:2)
  2 adders (D:2)
  A dart slug (D:3)
  2 orcs (D:3)
  2 ball pythons (D:1)
  4 endoplasms
  5 goblins
  7 hobgoblins
  11 jackals (D:2)
  3 kobolds
  2 quokkas (D:1)
  7 bats
  5 frilled lizards
  3 rats (D:2)
55 creatures vanquished.

Vanquished Creatures (others)
  A plant (D:3)
1 creature vanquished.

Grand Total: 56 creatures vanquished

Notes
Turn   | Place    | Note
-------+----------+-------------------------------------------
     0 | D:1      | p00ps00p the Hill Orc Fighter began the quest for the Orb.
     0 | D:1      | Reached XP level 1. HP: 19/19 MP: 1/1
   138 | D:1      | Reached XP level 2. HP: 27/27 MP: 2/2
   195 | D:1      | Reached skill level 4 in Fighting
   494 | D:1      | Reached XP level 3. HP: 34/34 MP: 3/3
   801 | D:2      | Reached skill level 5 in Fighting
   841 | D:2      | Found a faded altar of an unknown god.
  1178 | D:2      | Reached XP level 4. HP: 41/42 MP: 4/4
  1228 | D:2      | Found a runed translucent door.
  1229 | D:2      | Noticed Crazy Yiuf
  1678 | D:2      | Killed Crazy Yiuf
  1679 | D:2      | Reached skill level 6 in Fighting
  1791 | D:3      | Found a snail-covered altar of Cheibriados.
  1836 | D:3      | Killed from afar by an orc wizard

Illustrated notes

Levels and vault maps discovered:
D:1:      dpeg_arrival_radiant, layout_basic
D:2:      layout_basic, basic_ecumenical_altar, minmay_misc_feat_columns,
          uniq_crazy_yiuf_cottage
D:3:      layout_rooms, mainiacjoe_overflow_six_doors_small,
          serial_bayou_crossing, uniq_ijyb

Skill      XL: |  1  2  3  4 |
---------------+-------------+-----
Fighting       | 4 5 6 |  6.3
Axes           | |  2.9
Armour         | |  3.4
Shields        | |  3.4

Action                   |  1- 3 |  4- 6 || total
-------------------------+-------+-------++-------
Melee: War axe           |    85 |    40 ||   125
  Use: Scroll            |       |     8 ||     8
       Potion            |       |     1 ||     1
Armor: Scale mail        |    50 |    27 ||    77
Dodge: Dodged            |    42 |    24 ||    66
Block: Buckler           |    27 |     9 ||    36

Table legend: (Time is in decaauts)
 A = Elapsed time spent in this place.
 B = Non-inter-level travel time spent in this place.
 C = Inter-level travel time spent in this place.
 D = Time resting spent in this place.
 E = Time spent auto-exploring this place.
 F = Levels seen in this place.
 G = Mean time per level.
                   A        B        C        D        E       F      G
               +--------+--------+--------+--------+--------+-----+--------+
         Total |   1871 |   1803 |     68 |     91 |   1209 |   3 |  623.7 |
       Dungeon |   1871 |   1803 |     68 |     91 |   1209 |   3 |  623.7 |
               +--------+--------+--------+--------+--------+-----+--------+

Top non-repeatable levels by time:
     D:2: 1108 daAuts
     D:1: 685 daAuts
     D:3: 78 daAuts
